 Dungeon Crawl Stone Soup version 0.30.1-4-g462c640d31 (webtiles) character file.

Game seed: 17775085554677083272

55696 Babbit the Bludgeoner (level 14, -18/129 HPs)
             Began as a Minotaur Fighter on Aug 10, 2023.
             Was the Champion of Okawaru.
             Demolished by an orc warlord
             ... wielding a +0 halberd
              (24 damage)
             ... on level 1 of the Orcish Mines.
             The game lasted 01:28:08 (17960 turns).

Babbit the Bludgeoner (Minotaur Fighter)           Turns: 17960, Time: 01:28:10

Health: -18/129    AC: 15    Str: 24      XL:     14   Next: 39%
Magic:  13/13      EV: 19    Int: 14 (15) God:    Okawaru [******]
Gold:   1064       SH:  7    Dex: 12      Spells: 13/13 levels left

rFire   + . .        k - +4 flail of Wofeguv {spect, rElec rF+ Will+ Int+4}
rCold   . . .        c - +0 buckler
rNeg    . . .        A - +4 ring mail {rPois}
rPois   +            (helmet restricted)
rElec   +            t - +0 cloak
rCorr   .            g - +0 pair of gloves
SInv    .            G - +0 pair of boots
Will    ++...        Q - amulet of the acrobat
Stlth   +++          j - +5 ring of evasion
HPRegen 0.41/turn    l - +6 ring of intelligence
MPRegen 0.13/turn

%: acrobat
@: no status effects
A: horns 2, retaliatory headbutt, deterioration 1, teleportitis 1
a: Renounce Religion, Heroism, Finesse, Duel


You were on level 1 of the Orcish Mines.
You worshipped Okawaru.
Okawaru was exalted by your worship.
You visited 4 branches of the dungeon, and saw 18 of its levels.
You also visited: Ice Cave.

You collected 1254 gold pieces.
You spent 190 gold pieces at shops.

Inventory:

Hand Weapons
 k - the +4 flail of Wofeguv (weapon) {spect, rElec rF+ Will+ Int+4}
   (You found it on level 5 of the Dungeon)

   Int:       It affects your intelligence (+4).
   rF:        It protects you from fire.
   rElec:     It insulates you from electricity.
   Will:      It increases your willpower.
 x - a +1 whip of flaming
 D - the +5 demon whip "Spellbinder" {antimagic, disrupt, Will+}
   (You found it on level 5 of the Lair of Beasts)

   Will:      It increases your willpower.
Missiles
 q - 5 boomerangs (quivered)
 v - 3 javelins
Armour
 c - a +0 buckler (worn)
 g - a +0 pair of gloves (worn)
 i - the scarf of Midsummer {harm, rPois Int+2}
   (Okawaru gifted it to you on level 5 of the Lair of Beasts)

   Int:       It affects your intelligence (+2).
   rPois:     It protects you from poison.
 t - a +0 cloak (worn)
 A - a +4 ring mail of poison resistance (worn)
 G - a +0 pair of boots (worn)
Jewellery
 j - a +5 ring of evasion (left hand)
 l - a +6 ring of intelligence (right hand)
 K - a ring of fire
 Q - an amulet of the acrobat (around neck)
 U - a ring of protection from cold
 V - an amulet of faith
Wands
 a - a wand of digging (8)
 r - a wand of roots (14)
 y - a wand of polymorph (1)
 O - a wand of light (12)
 R - a wand of flame (20)
 T - a wand of mindburst (7)
Scrolls
 b - 2 scrolls of brand weapon {unknown}
 d - 2 scrolls of fog {unknown}
 e - a scroll of identify
 f - a scroll of silence {unknown}
 h - a scroll of enchant weapon {unknown}
 m - 2 scrolls of magic mapping {unknown}
 s - 3 scrolls of blinking
 w - a scroll of torment {unknown}
 C - 3 scrolls of enchant armour
 E - a scroll of summoning
 F - 4 scrolls of teleportation
 J - 2 scrolls of poison {unknown}
 L - a scroll of fear
 M - a scroll of noise {unknown}
Potions
 n - 10 potions of flight
 o - a potion of berserk rage
 p - 3 potions of cancellation
 u - a potion of curing
 z - 4 potions of lignification
 B - 4 potions of brilliance
 H - 7 potions of resistance
 I - a potion of invisibility {unknown}
 N - a potion of haste {unknown}
 P - a potion of heal wounds
 S - 2 potions of ambrosia {unknown}


   Skills:
 + Level 13.6 Fighting
 + Level 8.1(13.0) Axes
 + Level 15.8(16.5) Maces & Flails
 + Level 6.3 Throwing
 + Level 10.7 Armour
 + Level 9.7 Dodging
 + Level 6.6 Stealth
 + Level 11.4 Shields


You had 13 spell levels left.
You didn't know any spells.
Your spell library contained the following spells:

 Spells                   Type           Power      Damage    Failure   Level
 Apportation              Tloc           0%         N/A       43%         1
 Freeze                   Ice            0%         1d3       43%         1
 Sandblast                Erth           0%         2d4       43%         1
 Slow                     Hex            0%         N/A       43%         1
 Sting                    Tmut/Pois      0%         1d3       43%         1
 Passwall                 Tmut/Erth      0%         N/A       56%         2
 Poisonous Vapours        Pois/Air       0%         N/A       56%         2
 Confusing Touch          Hex            0%         N/A       80%         3
 Frozen Ramparts          Ice            0%         1d1       80%         3
 Gell's Gravitas          Tloc           0%         N/A       80%         3
 Hailstorm                Conj/Ice       0%         3d3       80%         3
 Ozocubu's Armour         Ice            0%         N/A       80%         3
 Stone Arrow              Conj/Erth      0%         3d7       80%         3
 Teleport Other           Tloc           0%         N/A       80%         3
 Vampiric Draining        Necr           0%         2d6       80%         3
 Volatile Blastmotes      Fire/Tloc      0%         2d10      80%         3
 Fulminant Prism          Conj/Hex       0%         3d5       99%         4
 Iskenderun's Mystic Bla  Conj/Tloc      0%         2d3       99%         4
 Olgreb's Toxic Radiance  Pois           0%         N/A       99%         4
 Petrify                  Tmut/Erth      0%         N/A       99%         4
 Alistair's Intoxication  Tmut/Pois      0%         N/A       100%        5
 Lee's Rapid Deconstruct  Erth           0%         3d4*      100%        5
 Metabolic Englaciation   Hex/Ice        0%         N/A       100%        5
 Dispersal                Tloc           0%         N/A       100%        6
 Statue Form              Tmut/Erth      0%         N/A       100%        6
 Summon Small Mammal      Summ           Unusable   N/A       N/A         1
 Call Canine Familiar     Summ           Unusable   N/A       N/A         3
 Summon Guardian Golem    Hex/Summ       Unusable   N/A       N/A         3
 Simulacrum               Ice/Necr       Unusable   N/A       N/A         6

Dungeon Overview and Level Annotations

Branches:
Dungeon (11/15)            Temple (1/1) D:7            Lair (5/5) D:11
  Swamp (0/4) Lair:3       Spider (0/4) Lair:2        Slime (0/5) Lair:4
    Orc (1/2) D:10          IceCv (visited)

Altars:
Ashenzari
Cheibriados
Dithmenos
Elyvilon
Fedhas
Gozag
Hepliaklqana
Kikubaaqudgha
Makhleb
Nemelex Xobeh
Okawaru
Qazlal
Ru
Sif Muna
Trog
Uskayaw
Vehumet
Wu Jian
Xom
Yredelemnul
Zin
The Shining One
Jiyva

Shops:
D:1 =   D:6 [

Annotations:
Lair:5 3 runed translucent doors, fitz's ghost, journeyman HOFi


Innate Abilities, Weirdness & Mutations

You have a pair of horns on your head.
You reflexively headbutt those who attack you in melee.
Your body sometimes deteriorates upon taking damage.
You are occasionally teleported next to monsters.


Message History

Your +4 flail of Wofeguv {spect, rElec rF+ Will+ Int+4} hits the orc!
You kill the orc!
The orc warrior hits you from afar with a +0 halberd!!
The orc warlord barely misses you.
You sock the orc wizard! You headbutt the orc wizard.
The orc wizard is almost dead.
Your +4 flail of Wofeguv {spect, rElec rF+ Will+ Int+4} completely misses the orc wizard.
The orc warrior barely misses you. You block the orc's attack.
The orc barely misses your +4 flail of Wofeguv {spect, rElec rF+ Will+ Int+4}.
The orc warlord hits you from afar with a +0 halberd!!
The orc wizard points at you and mumbles some strange words.
The magic dart hits you but does no damage.
You sock the orc wizard!
You kill the orc wizard!
Okawaru accepts your kill.
Your +4 flail of Wofeguv {spect, rElec rF+ Will+ Int+4} disappears.
You block the orc warrior's attack. The orc misses you. x2
You furiously retaliate!
You headbutt the orc.
The orc warlord hits you from afar with a +0 halberd!
Your body deteriorates!
You feel dopey.
You closely miss the orc.
The orc is almost dead.
Your +4 flail of Wofeguv {spect, rElec rF+ Will+ Int+4} hits the orc.
You kill the orc!
You sock the orc!
You kill the orc!
Your +4 flail of Wofeguv {spect, rElec rF+ Will+ Int+4} disappears.
The orc warrior hits you from afar with a +0 halberd.
The orc misses you. The orc warrior closely misses you.
The orc warlord hits you from afar with a +0 halberd!
The orc priest calls down the wrath of Beogh upon you.
Beogh smites you!
* * * LOW HITPOINT WARNING * * *
You block the orc warrior's attack.
The orc hits you from afar with a +0 trident!
* * * LOW HITPOINT WARNING * * *
The orc warrior hits you from afar with a +0 halberd!
* * * LOW HITPOINT WARNING * * *
The orc warlord hits you from afar with a +0 halberd!!
You die...

...# ....
....##...
.........
........###
.....$....#
.....o...$##
.$...O)))..#
....[oo@)..#
....oo))...)...
..#.#....o....$
# ##.........
###.....##
.....# ###.##
#.


You could see an orc warlord, a two-headed ogre, 2 orc warriors, an orc priest
(strong) and 2 orcs.

Vanquished Creatures
  The ghost of Ypureis the Spear-Bearer, a journeyman GnCA of Ignis (Lair:1)
  A great orb of eyes (Lair:2)
  5 hydras
  A centaur warrior (D:10)
  2 boulder beetles
  Erica (Lair:1)
  2 two-headed ogres (D:9)
  A catoblepas (Lair:5)
  A deep troll shaman (Lair:5)
  10 death yaks
  Nergalle (Lair:1)
  A sun demon (D:9)
  A skyshark (Lair:2)
  A soul eater (D:9)
  A sixfirhy (D:9)
  Pikel (D:5)
  A wizard (D:11)
  2 orc knights (D:10)
  A lindwurm (Lair:5)
  2 cyclopes (D:11)
  12 elephants
  4 black mambas
  A rust devil (D:9)
  The ghost of Zeor the Thaumaturge, a novice DEIE of Sif Muna (D:7)
  5 cane toads
  6 komodo dragons
  4 rime drakes
  Psyche (D:8)
  An unseen horror (D:10)
  4 trolls
  A red devil (D:9)
  A hellwing (D:9)
  Grinder (D:6)
  A hornet (Lair:3)
  11 blink frogs
  7 polar bears
  4 dream sheep
  3 slime creatures
  A jumping spider (Lair:2)
  5 wyverns
  2 culicivoras (Lair:2)
  3 wraiths
  Eustachio (D:6)
  39 yaks
  A redback (Lair:2)
  An unseen horror simulacrum (D:7)
  3 vampire mosquitoes (D:10)
  A neqoxec (D:9)
  2 basilisks (Lair:3)
  3 wargs
  Menkaure (D:5)
  An acid dragon (D:9)
  18 water moccasins
  8 orc warriors
  2 sky beasts (D:7)
  A black bear (D:6)
  An ice beast (D:6)
  17 wolves
  4 centaurs
  Blork the orc (D:4)
  A gnoll sergeant (D:8)
  14 bullfrogs
  13 wights
  2 two-headed ogre simulacra
  2 scorpions
  An elephant simulacrum (IceCv)
  22 killer bees
  9 howler monkeys
  A spectral centaur (D:7)
  3 electric eels
  A crimson imp (D:11)
  6 hounds
  3 quasits (D:9)
  7 jellies
  7 orc priests
  3 iguanas
  A sleepcap (D:5)
  Crazy Yiuf (D:5)
  Jessica (D:3)
  Ijyb (D:5)
  12 orc wizards
  A spriggan simulacrum (IceCv)
  A polar bear simulacrum (IceCv)
  2 troll simulacra
  A wolf simulacrum (IceCv)
  4 gnolls (D:8)
  3 adders
  A naga simulacrum (IceCv)
  A white imp (D:8)
  3 worms
  67 orcs
  13 ball pythons
  7 endoplasms
  3 giant cockroaches
  5 goblins
  2 hobgoblins
  6 jackals
  7 kobolds
  7 quokkas
  5 bats
  7 frilled lizards
  6 rats
484 creatures vanquished.

Vanquished Creatures (others)
  5 spectral weapons
5 creatures vanquished.

Grand Total: 489 creatures vanquished

Notes
Turn   | Place    | Note
-------+----------+-------------------------------------------
     0 | D:1      | Babbit the Minotaur Fighter began the quest for the Orb.
     0 | D:1      | Reached XP level 1. HP: 19/19 MP: 0/0
   122 | D:1      | Reached XP level 2. HP: 23/27 MP: 1/1
   176 | D:1      | Found Jiujecy's Jewellery Shoppe.
   803 | D:2      | Reached XP level 3. HP: 33/33 MP: 2/2
  1243 | D:3      | Reached XP level 4. HP: 10/41 MP: 3/3
  1498 | D:3      | Reached skill level 1 in Dodging
  1505 | D:3      | Reached XP level 5. HP: 36/47 MP: 4/4
  1665 | D:3      | Noticed Jessica
  1669 | D:3      | Killed Jessica
  1917 | D:3      | Found a hide-covered altar of Uskayaw.
  2405 | D:4      | Reached skill level 5 in Axes
  2434 | D:4      | Reached XP level 6. HP: 53/53 MP: 5/5
  2544 | D:4      | Noticed Blork the orc
  2560 | D:4      | Killed Blork the orc
  2561 | D:4      | Reached skill level 5 in Armour
  2846 | D:4      | Reached skill level 1 in Throwing
  3068 | D:5      | Entered Level 5 of the Dungeon
  3068 | D:5      | Noticed Menkaure
  3081 | D:5      | Killed Menkaure
  3082 | D:5      | Reached XP level 7. HP: 20/60 MP: 6/6
  3256 | D:5      | Identified the +4 flail of Wofeguv {spect, rElec rF+ Will+
                  | Int+4}
  3263 | D:5      | Reached skill level 5 in Fighting
  3277 | D:5      | Noticed Pikel
  3286 | D:5      | Killed Pikel
  3287 | D:5      | Reached skill level 1 in Maces & Flails
  3287 | D:5      | Reached XP level 8. HP: 41/69 MP: 7/7
  3458 | D:5      | Noticed Ijyb
  3466 | D:5      | Killed Ijyb
  3749 | D:5      | Found a runed translucent door.
  3750 | D:5      | Noticed Crazy Yiuf
  3760 | D:5      | Killed Crazy Yiuf
  3761 | D:5      | Reached skill level 2 in Maces & Flails
  3856 | D:6      | Reached skill level 1 in Stealth
  3860 | D:6      | Noticed Eustachio
  3868 | D:6      | Killed Eustachio
  3872 | D:6      | Reached skill level 3 in Maces & Flails
  3872 | D:6      | Reached skill level 5 in Shields
  3909 | D:6      | Noticed Grinder
  3917 | D:6      | Killed Grinder
  4066 | D:6      | Reached skill level 4 in Maces & Flails
  4190 | D:6      | Found Qiroac's Antique Armour Shop.
  4201 | D:6      | Bought a translucent kite shield for 190 gold pieces
  4201 | D:6      | Identified the -1 kite shield of the Eight Persimmons
                  | {Str-2 Dex+5} (You bought it in a shop on level 6 of the
                  | Dungeon)
  4206 | D:6      | Found a blossoming altar of Fedhas.
  4260 | D:6      | Found a stormy altar of Qazlal.
  4363 | D:6      | Reached XP level 9. HP: 75/75 MP: 8/8
  4500 | D:7      | Found an ornate altar of the Wu Jian Council.
  4500 | D:7      | Found a shimmering altar of Xom.
  4533 | D:7      | Found a staircase to the Ecumenical Temple.
  4557 | Temple   | Entered the Ecumenical Temple
  4733 | D:7      | Reached skill level 5 in Maces & Flails
  4844 | D:7      | Reached skill level 6 in Maces & Flails
  5041 | D:7      | Reached skill level 7 in Maces & Flails
  5387 | D:7      | Found a runed translucent gate.
  5388 | D:7      | Found a runed translucent gate.
  5389 | D:7      | Found a runed translucent gate.
  5390 | D:7      | Noticed Zeor's ghost (novice DEIE)
  5404 | D:7      | Killed Zeor's ghost
  5405 | D:7      | Reached skill level 8 in Maces & Flails
  5496 | D:7      | Reached XP level 10. HP: 86/86 MP: 9/9
  5505 | D:8      | Reached skill level 9 in Maces & Flails
  5507 | D:8      | Reached skill level 5 in Dodging
  5944 | D:8      | Noticed Psyche
  5953 | D:8      | Killed Psyche
  5954 | D:8      | Reached skill level 10 in Maces & Flails
  6447 | D:9      | Noticed a rust devil
  6459 | D:9      | Killed a rust devil
  6595 | D:9      | Noticed a two-headed ogre
  6616 | D:9      | Killed a two-headed ogre
  6617 | D:9      | Reached skill level 11 in Maces & Flails
  6760 | D:9      | Reached XP level 11. HP: 95/95 MP: 10/10
  6780 | D:9      | Noticed a sixfirhy
  6791 | D:9      | Killed a sixfirhy
  6814 | D:9      | Gained mutation: You have hidden genetic defects. [a
                  | neqoxec]
  7054 | D:9      | Noticed a sun demon
  7056 | D:9      | Noticed a soul eater
  7064 | D:9      | Killed a sun demon
  7065 | D:9      | Reached skill level 12 in Maces & Flails
  7094 | D:9      | Killed a soul eater
  7101 | D:9      | Gained mutation: Your body sometimes deteriorates upon
                  | taking damage. [hidden defects]
  7287 | D:9      | Noticed a two-headed ogre
  7294 | D:9      | Killed a two-headed ogre
  7793 | D:10     | Entered Level 10 of the Dungeon
  7900 | D:10     | Found an iron altar of Okawaru.
  7912 | D:10     | Became a worshipper of Warmaster Okawaru
  8175 | D:10     | Noticed a centaur warrior
  8182 | D:10     | Killed a centaur warrior
  8183 | D:10     | Reached skill level 13 in Maces & Flails
  8196 | D:10     | Gained mutation: You are occasionally teleported next to
                  | monsters. [hidden defects]
  8196 | D:10     | Lost mutation: You have hidden genetic defects. [hidden
                  | defects expressed]
  8412 | D:10     | Reached * piety under Okawaru
  8848 | D:10     | Found a staircase to the Orcish Mines.
  9145 | D:11     | Found a staircase to the Lair.
  9331 | D:11     | Reached XP level 12. HP: 105/106 MP: 11/11
  9402 | D:11     | Found a frozen archway.
  9409 | D:11     | Reached ** piety under Okawaru
  9426 | IceCv    | Entered an ice cave
  9845 | D:11     | Reached skill level 10 in Fighting
  9975 | Lair:1   | Entered Level 1 of the Lair of Beasts
  9994 | Lair:1   | Noticed Nergalle
 10003 | Lair:1   | Killed Nergalle
 10004 | Lair:1   | Reached skill level 5 in Throwing
 10283 | Lair:1   | Reached skill level 14 in Maces & Flails
 10288 | Lair:1   | Reached *** piety under Okawaru
 10417 | Lair:1   | Noticed Erica
 10436 | Lair:1   | Killed Erica
 10812 | Lair:2   | Noticed a four-headed hydra
 10825 | Lair:2   | Killed a four-headed hydra
 10841 | Lair:2   | Reached **** piety under Okawaru
 10969 | Lair:2   | Found a runed translucent gate.
 10969 | Lair:2   | Found a runed translucent gate.
 10969 | Lair:2   | Found a runed translucent gate.
 10972 | Lair:2   | Found a viscous altar of Jiyva.
 10972 | Lair:2   | Noticed a great orb of eyes
 10972 | Lair:2   | Noticed Ypureis's ghost (journeyman GnCA)
 11208 | Lair:1   | Killed Ypureis's ghost
 11401 | Lair:2   | Killed a great orb of eyes
 11469 | Lair:2   | Identified the +0 robe of Awez {Rampage rPois Str-5 SInv}
 11551 | Lair:2   | Reached ***** piety under Okawaru
 11716 | Lair:2   | Noticed a death yak
 11734 | Lair:2   | Killed a death yak
 12003 | Lair:2   | Found a hole to the Spider Nest.
 12015 | Lair:2   | Received a gift from Okawaru
 12017 | Lair:2   | Reached XP level 13. HP: 99/116 MP: 12/12
 12490 | Lair:2   | Reached skill level 10 in Shields
 13115 | Lair:3   | Received a gift from Okawaru
 13116 | Lair:3   | Reached skill level 10 in Armour
 13118 | Lair:3   | Reached skill level 15 in Maces & Flails
 13527 | Lair:3   | Found a staircase to the Swamp.
 14637 | Lair:4   | Found a staircase to the Slime Pits.
 14794 | Lair:4   | Reached skill level 5 in Stealth
 15189 | Lair:4   | Received a gift from Okawaru
 15355 | Lair:5   | Entered Level 5 of the Lair of Beasts
 15477 | Lair:5   | HP: 2/119 [black mamba (25)]
 15808 | Lair:4   | Reached ****** piety under Okawaru
 15896 | Lair:5   | Identified the scarf of Midsummer {harm, rPois Int+2}
                  | (Okawaru gifted it to you on level 5 of the Lair of Beasts)
 15896 | Lair:5   | Received a gift from Okawaru
 15956 | Lair:5   | Reached XP level 14. HP: 129/129 MP: 13/13
 16052 | Lair:5   | Found a runed translucent gate.
 16053 | Lair:5   | Found a runed translucent gate.
 16054 | Lair:5   | Found a runed translucent gate.
 16057 | Lair:5   | Noticed fitz's ghost (journeyman HOFi)
 16864 | Lair:5   | Found the +5 demon whip "Spellbinder" {antimagic, disrupt,
                  | Will+}
 17599 | Orc:1    | Entered Level 1 of the Orcish Mines
 17723 | Orc:1    | Noticed an orc warlord
 17960 | Orc:1    | HP: 6/129 [orc warrior/+0 halberd[an orc warlord] (11)]
 17960 | Orc:1    | Demolished by an orc warlord

Illustrated notes

Levels and vault maps discovered:
D:1:      amcnicky_arrival_double_pillar, layout_basic, serial_shops, shop
D:2:      layout_rooms
D:3:      layout_basic, mainiacjoe_overflow_concentric_impassable, uniq_jessica
D:4:      layout_loops_ring, uniq_blork_the_orc
D:5:      layout_gridville, uniq_crazy_yiuf_cottage, uniq_ijyb, uniq_pikel,
          uniq_menkaure
D:6:      layout_rooms, grunt_temple_overflow_forces_of_nature, serial_shops,
          nicolae_shop_overgrown_old_shop, minmay_misc_feat_columns,
          uniq_eustachio, uniq_grinder
D:7:      minmay_the_grid_square_5x5_3x3 [minmay_the_grid_square_5x5_two_small,
          minmay_the_grid_square_5x5_seven,
          minmay_the_grid_square_5x5_broken_cross,
          minmay_the_grid_square_5x5_inner_v,
          minmay_the_grid_square_5x5_megaprize_hollow,
          minmay_the_grid_square_5x5_almost_minimal,
          minmay_the_grid_square_5x5_spiral_small,
          minmay_the_grid_square_5x5_lines,
          minmay_the_grid_square_5x5_six_small], layout_rooms,
          gammafunk_temple_overflow_wave, minmay_temple_entry_butterflies,
          gammafunk_ghost_necromancy
D:8:      layout_rooms, uniq_psyche
D:9:      layout_loops_corners, serial_demonic, serial_demonic_a,
          serial_demonic_f, serial_demonic_d, serial_demonic_c,
          kennysheep_minor_cross
D:10:     layout_basic, okawaru_trees_2, hiddenorc1_lemuel
D:11:     layout_roguey, erik_lair_orcish_takeover,
          portal_ice_cave_entry_ice_simulacra, lightli_wizard_tower
Temple:   kb_temple_of_zot
Lair:1:   layout_cave_shapes, chequers_serial_rivers_room_b, uniq_nergalle,
          uniq_erica
Lair:2:   layout_gridlike, spider_nest_entry_funnel_web, serial_bayou,
          serial_bayou_ford_a, serial_bayou_pond_d, serial_bayou_pond_a,
          serial_bayou_shore_a, serial_bayou_pond_b, serial_bayou_lagoon_a,
          gammafunk_ghost_ooze, chequers_serial_rivers_micro_d,
          grunt_forest_large_clearings
Lair:3:   layout_cave_pods, swamp_mist, st_stairs_8, pdpol_lair_cavern_descent,
          lemuel_fruit_tree, grunt_megastairs_1, infiniplex_staircase_pool_2,
          serial_bayou_shore_b
Lair:4:   layout_misc_corridors, nicolae_slime_entry_field_trip,
          nzn_sisyphean_effort
Lair:5:   grunt_lair_end_beastmaster, layout_concentric_octagons,
          gammafunk_ghost_hydra_chop, grunt_megastairs_2, serial_bayou_shore_b
Orc:1:    layout_diamond_mine

Skill      XL: |  1  2  3  4  5  6  7  8  9 10 11 12 13 14 |
---------------+-------------------------------------------+-----
Fighting       | 4 5 6 7 8 9 11 13 | 13.6
Armour         | 4 5 6 7 8 9 10 | 10.7
Shields        | 4 5 6 7 8 9 11 | 11.4
Axes           | 4 5 6 7 8 |  8.1
Dodging        | 1 2 3 4 6 8 9 |  9.7
Throwing       | 1 2 3 4 5 6 |  6.3
Maces & Flails | 1 4 8 11 13 14 15 | 15.8
Stealth        | 1 2 3 5 6 |  6.6

Action                     |  1- 3 |  4- 6 |  7- 9 | 10-12 | 13-15 || total
---------------------------+-------+-------+-------+-------+-------++-------
  Melee: War axe           |    67 |    46 |       |       |       ||   113
         Headbutt          |     8 |    17 |    31 |   107 |   122 ||   285
         Hand axe          |       |    66 |       |       |       ||    66
         Flail             |       |       |   137 |   517 |   433 ||  1087
         Whip              |       |       |       |     7 |    26 ||    33
  Throw: Boomerang         |       |    10 |    13 |    40 |    39 ||   102
    Use: Scroll            |       |     2 |     5 |    10 |     4 ||    21
         Potion            |       |     1 |       |     4 |       ||     5
   Stab: Distracted        |       |       |       |     6 |    13 ||    19
         Sleeping          |       |       |       |       |     4 ||     4
         Petrified         |       |       |       |       |    10 ||    10
         Petrifying        |       |       |       |       |     2 ||     2
 Armour: Scale mail        |    25 |    22 |     5 |       |       ||    52
         Ring mail         |       |       |    38 |   127 |   112 ||   277
  Dodge: Dodged            |    44 |    67 |   104 |   357 |   311 ||   883
  Block: Buckler           |    16 |    12 |    32 |   157 |   129 ||   346
